 BcadrenCrawl: Boulder Brew version 0.05.31-22-geda828027a (webtiles) character file.

Game seed: 15759680554594854272, levelgen mode: deterministic

210 BR41ND34D the Magician (level 5, -3/41 HPs) Gnoll Noble. Began on Oct 2, 2021. Slain by a sewer rat (4 damage) ... on level 2 of the Dungeon. The game lasted 00:12:01 (1139 turns).

BR41ND34D the Magician (Gnoll Noble)                Turns: 1139, Time: 00:12:02

Health: -3/41      AC:  5    Str: 14    XL:     5 ^: 18
Magic:  6/9        EV: 12    Int: 16    God:
Gold:   96         SH:  0    Dex: 14    Spells: 6/10 levels left

rFire    . . .     Vision   .   c - +0 rapier
rCold    . . .     Gourm    .     - Unarmed
rNeg     . . .     Faith    .   a - +0 robe
rCorr    . . .     Spirit   .   h - +2 helmet
rPois    .         Reflect  .   (no cloak)
rElec    .         Harm     .   (no gloves)
MR       .....                  (no boots)
Stlth    +.........             (no amulet)
HPRegen  0.23/turn              (no ring)
MPRegen  0.19/turn              (no ring)

@: very slightly contaminated, very slow
A: distributed training, fangs, strong nose
a: no special abilities


You were on level 2 of the Dungeon.
You were very hungry.

You visited 1 branch of the dungeon, and saw 2 of its levels.
You also visited: Market.

You collected 46 gold pieces.
You spent 950 gold pieces at shops.

Inventory:

Weapons
 c - a +0 rapier (weapon)
Armour
 a - a +0 robe (worn)
 h - a +2 helmet (worn)
Scrolls
 d - a scroll of vulnerability
 g - 2 scrolls of teleportation
 i - 2 scrolls of silence
 j - a scroll of magic mapping
Potions
 e - a potion of berserk rage
Comestibles
 b - 4 rations
 f - a chunk of flesh


   Skills:
 + Level 3.1 Fighting
 + Level 1.6 Short Blades
 + Level 1.6 Long Blades
 + Level 1.6 Axes & Hammers
 + Level 1.6 Whips & Flails
 + Level 1.6 Polearms
 + Level 1.6 Maces & Staves
 + Level 1.6 Slings
 + Level 1.6 Bows
 + Level 1.6 Crossbows
   Level 0.0 Throwing
 + Level 1.6 Armour
 + Level 1.6 Dodging
 + Level 2.9 Stealth
 + Level 1.6 Shields
 + Level 1.6 Unarmed Combat
 + Level 3.2 Spellcasting
 + Level 1.3 Hexes
 + Level 1.3 Charms
 + Level 1.3 Summonings
 + Level 1.3 Necromancy
 + Level 1.3 Translocations
 + Level 1.3 Transmutations
 + Level 1.3 Fire Magic
 + Level 1.3 Ice Magic
 + Level 1.3 Air Magic
 + Level 1.3 Earth Magic
 + Level 1.3 Poison Magic
 + Level 1.9 Invocations
 + Level 1.6 Evocations


You had 6 spell levels left.
You knew the following spells:

 Your Spells              Type           Power        Failure   Level  Hunger
a - Flame Tongue Fire 6 (30) 11% 1 0-8 c - Mephitic Cloud Pois/Air       6 (100)      32%         3    68-128

Your spell library contained the following spells:

 Spells                   Type           Power        Failure   Level  Hunger
 Slow Hex 6 (100) 11% 1 0-8 Blink Tloc N/A 16% 2 28-68 Call Imp Summ 6 (100) 16% 2 28-68 Conjure Flame Fire 6 (100) 32% 3 68-128 Recall Summ/Tloc N/A 32% 3 68-128 Aura of Abjuration Summ 6 (200) 96% 5 268-428 Summon Forest Summ/Erth 6 (200) 96% 5 268-428 Summon Mana Viper Summ/Pois 6 (100) 96% 5 268-428 Shadow Creatures Summ           N/A          100%        6    388-608


Dungeon Overview and Level Annotations

Branches:
Dungeon (2/8)

Altars:


Innate Abilities, Weirdness & Mutations

Your experience applies equally to all skills.
You have razor-sharp fangs.
Your uncanny sense of smell can sniff out nearby items.


Message History

The sewer rat bites you (3).
* * * LOW HITPOINT WARNING * * *
You hit the sewer rat but do no damage. You closely miss the sewer rat.
The sewer rat is lightly wounded. (10/11) HP The sewer rat closely misses you (0).
Okay, then.
You hit the sewer rat but do no damage. x2
The sewer rat is lightly wounded. (10/11) HP The sewer rat closely misses you (0).
The sewer rat bites you (4).
* * * LOW HITPOINT WARNING * * *
Casting: Flame Tongue (safe; 11% risk of failure)
Confirm with . or Enter, or press ? or * to list all spells.
Aiming: Flame Tongue (safe; 11% risk of failure)
Press: ? - help, Shift-Dir - straight line, f - sewer rat
Aim: a sewer rat (lightly wounded (10/11))
The flame tongue hits the sewer rat but does no damage (0).
The sewer rat is lightly wounded. (10/11) HP You are feeling very hungry.
The sewer rat bites you (4).
You die...

## ########## ##################
≈# #.......≈###≈...≈...##≈...≈.≈
≈## #.≈≈≈≈≈≈≈##....>...≈.#≈≈.≈≈.#
.≈# #.≈≈≈≈≈≈≈#≈............≈...≈#
#≈###...≈≈≈≈≈#.............≈.PP..
#.†##.≈≈.≈≈≈.#.†@≈#.....≈#≈≈.≈P.#
###≈#≈≈≈..≈..#≈r###......#≈≈..≈≈#
r.#≈≈≈≈..≈≈≈....##....≈.##≈≈≈.≈≈.
..###≈P.≈≈≈≈.#.≈##.....###≈≈≈÷≈≈#
.†....PPPP≈≈≈#≈.##....##.#≈≈≈≈≈≈#
≈#≈...P.PP...######.....≈#≈≈≈≈≈≈#
###........≈.# ##......≈≈≈P≈≈#
##....≈≈≈;≈≈.# ##≈...#.PPPPP#
r#.≈..≈≈≈≈≈≈.# #≈....≈..≈PP≈#


You could see a sewer rat.

Vanquished Creatures
  A jelly (D:2)
  4 giant cockroaches (D:1)
  An adder (D:2)
  5 sewer rats (D:2)
  5 cinder newts (D:1)
  A worm (D:2)
  2 leopard geckos (D:1)
  4 bats (D:1)
  3 goblins (D:1)
  A hobgoblin (D:1)
  8 kobolds (D:1)
  6 rats
  A rat skeleton (D:2)
  20 withered plants (D:2)
62 creatures vanquished.

Vanquished Creatures (others)
  55 withered plants (D:2)
55 creatures vanquished.

Grand Total: 117 creatures vanquished

Notes
Turn   | Place    | Note
-------+----------+-------------------------------------------
     0 | Start Ma | BR41ND34D the Gnoll Noble began the quest for the Orb.
     0 | Start Ma | Reached XP level 1. HP: 17/17 MP: 4/4
     0 | Start Ma | Found Zetzeihe's Mashing MeleeMart.
     0 | Start Ma | Found Oveipn's Auxillary Armour.
     7 | Start Ma | Bought a book of Minor Magic for 240 gold pieces
     8 | Start Ma | Bought a book of Summonings for 550 gold pieces
    24 | Start Ma | Bought a +0 rapier for 160 gold pieces
    55 | Start Ma | Learned a level 1 spell: Flame Tongue
    55 | Start Ma | Found Affifim's Expert Tomes.
    70 | D:1      | BR41ND34D set off with the following items: a +0 robe, a
                  | ration, a +0 rapier; and the following spell memorised:
                  | Flame Tongue; and the following spells available to
                  | memorise: Slow, Blink, Call Imp, Conjure Flame, Mephitic
                  | Cloud, Recall, Aura of Abjuration, Summon Forest, Summon
                  | Mana Viper, Shadow Creatures
   188 | D:1      | Reached XP level 2. HP: 19/23 MP: 5/5
   243 | D:1      | Reached XP level 3. HP: 25/28 MP: 7/7
   297 | D:1      | Reached skill level 1 in Invocations
   460 | D:1      | Reached skill level 1 in Short Blades
   460 | D:1      | Reached skill level 1 in Long Blades
   460 | D:1      | Reached skill level 1 in Axes & Hammers
   460 | D:1      | Reached skill level 1 in Whips & Flails
   460 | D:1      | Reached skill level 1 in Polearms
   460 | D:1      | Reached skill level 1 in Maces & Staves
   460 | D:1      | Reached skill level 1 in Slings
   460 | D:1      | Reached skill level 1 in Bows
   460 | D:1      | Reached skill level 1 in Crossbows
   460 | D:1      | Reached skill level 1 in Armour
   460 | D:1      | Reached skill level 1 in Dodging
   460 | D:1      | Reached skill level 1 in Shields
   460 | D:1      | Reached skill level 1 in Unarmed Combat
   460 | D:1      | Reached skill level 1 in Evocations
   460 | D:1      | Reached XP level 4. HP: 34/34 MP: 8/8
   488 | D:1      | Learned a level 3 spell: Mephitic Cloud
   526 | D:1      | Reached skill level 1 in Hexes
   526 | D:1      | Reached skill level 1 in Charms
   526 | D:1      | Reached skill level 1 in Summonings
   526 | D:1      | Reached skill level 1 in Necromancy
   526 | D:1      | Reached skill level 1 in Translocations
   526 | D:1      | Reached skill level 1 in Transmutations
   526 | D:1      | Reached skill level 1 in Fire Magic
   526 | D:1      | Reached skill level 1 in Ice Magic
   526 | D:1      | Reached skill level 1 in Air Magic
   526 | D:1      | Reached skill level 1 in Earth Magic
   526 | D:1      | Reached skill level 1 in Poison Magic
   646 | D:1      | Reached XP level 5. HP: 36/40 MP: 9/9
  1138 | D:2      | HP: 1/41 [sewer rat (4)]
  1139 | D:2      | Slain by a sewer rat

Levels and vault maps discovered:
D:1:      dpeg_arrival_fog, layout_cave_pools, serial_rivers,
          chequers_serial_rivers_small_a, chequers_serial_rivers_small_3,
          chequers_serial_rivers_marsh, chequers_serial_rivers_large_b,
          minmay_cupped
D:2:      layout_sewer, old_standard_altar, elyvilon_niche, basic_altar,
          lemuel_altar_in_water

Skill      XL: |  1  2  3  4  5 |
---------------+----------------+-----
Invocations    | 1 |  1.9
Short Blades   | 1 |  1.6
Long Blades    | 1 |  1.6
Axes & Hammers | 1 |  1.6
Whips & Flails | 1 |  1.6
Polearms       | 1 |  1.6
Maces & Staves | 1 |  1.6
Slings         | 1 |  1.6
Bows           | 1 |  1.6
Crossbows      | 1 |  1.6
Armour         | 1 |  1.6
Dodging        | 1 |  1.6
Shields        | 1 |  1.6
Unarmed Combat | 1 |  1.6
Evocations     | 1 |  1.6
Spellcasting   | 3 |  3.2
Hexes          | 1 |  1.3
Charms         | 1 |  1.3
Summonings     | 1 |  1.3
Necromancy     | 1 |  1.3
Translocations | 1 |  1.3
Transmutations | 1 |  1.3
Fire Magic     | 1 |  1.3
Ice Magic      | 1 |  1.3
Air Magic      | 1 |  1.3
Earth Magic    | 1 |  1.3
Poison Magic   | 1 |  1.3
Fighting       | 3 |  3.1
Stealth        | |  2.9

Action                   |  1- 3 |  4- 6 || total
-------------------------+-------+-------++-------
Melee: Rapier            |    36 |   158 ||   194
       Unarmed           |    27 |   127 ||   154
       Tailslap          |     4 |    13 ||    17
 Cast: Flame Tongue      |     1 |    18 ||    19
 Stab: Sleeping          |     1 |     3 ||     4
  Eat: Chunk             |       |     1 ||     1
Armor: Robe              |     7 |    29 ||    36
Dodge: Dodged            |    16 |   128 ||   144
